cohdb
Replays
Latest Replays
All Replays
Popular Replays
Top Player Replays
Match Explorer
How It Works
Community
CoH3 Stats
Reddit
Sign in to upload your games and track your stats! →
Sign in with Steam
gg against Ohmygod321
Match 16850823
Overview
Messages
Build Orders
End
Selects Italian Combined Arms Battlegroup
Selects Bersaglieri Squad
Bersaglieri Squad
Panzerpioneer Squad
Bersaglieri Squad
Bersaglieri Squad
Construct Light Support Kompanie
Selects Bersaglieri Bolster
Fire Support Elements
Flakvierling Half-track
2.5-tonne Medical Truck
Pak 38 Mechanized Group
Selects Breda Model 30 Light Machine Guns
Combat Half-tracks
Construct Panzerarmee Kommand
Walking Stuka Rocket Launcher
Selects Semovente da 75/18 Assault Gun
Panzer III L Medium Tank
Flakvierling Half-track
Selects Strafing Run
Selects Pact of Steel
Rapid Advance
Emergency Repair Kits
Panzer III L Medium Tank
Panzer III L Medium Tank
Adult Asthma Is A Choice
[Ace] Mango Rage
Not Emily Willis
ohmygod321
DarkRegion
KIROV | BIH/QC |
0
0
Comments
sign in to comment!
No comments posted yet!